 Dungeon Crawl Stone Soup version 0.29-a0-341-g24ffce5b50 (webtiles) character file.

Game seed: 17707245262910984647

33086 spaghetti the Black Sun (level 13, -3/121 HPs)
             Began as a Deep Dwarf Delver on Apr 20, 2022.
             Was a High Priest of Kikubaaqudgha.
             Slain by a death yak (16 damage)
             ... on level 4 of the Lair of Beasts.
             The game lasted 00:46:49 (19341 turns).

spaghetti the Black Sun (Deep Dwarf Delver)        Turns: 19341, Time: 00:46:50

Health: -3/121     AC: 29    Str: 17    XL:     13   Next: 34%
Magic:  0/24       EV: 13    Int: 21    God:    Kikubaaqudgha [*****.]
Gold:   2131       SH:  0    Dex: 14    Spells: 2/27 levels left

rFire   . . .      SeeInvis .   D - +4 spear (vamp) {polearm}
rCold   . . .      Faith    .   (no shield)
rNeg    . . .      Spirit   .   j - +18 Lear's hauberk
rPois   .          Reflect  .   (helmet currently unavailable)
rElec   .          Harm     .   (no cloak)
rCorr   .          Rampage  .   (gloves currently unavailable)
Will    ++...                   (boots currently unavailable)
Stlth   ..........              B - amulet of the acrobat
HPRegen 0.00/turn               L - +4 ring of evasion
MPRegen 0.19/turn               E - +6 ring of intelligence

@: lethally poisoned (-3 -> -19), death channelling, very slightly contaminated
A: damage resistance, heal wounds, sense surroundings 2, no regeneration,
strong-willed 1, noise suppression
a: Heal Wounds, Renounce Religion, Receive Corpses, Torment


You were on level 4 of the Lair of Beasts.
You worshipped Kikubaaqudgha.
Kikubaaqudgha was extremely pleased with you.
You visited 2 branches of the dungeon, and saw 16 of its levels.

You collected 2131 gold pieces.


Innate Abilities, Weirdness & Mutations

You are resistant to damage.
You can heal yourself by infusing magical energy.
You passively map the area around you.
You do not regenerate.
You are strong-willed. (Will+)
You passively dampen the noise of your surroundings.


   Skills:
 * Level 9.1 Fighting
 - Level 3.0 Short Blades
 * Level 8.0 Polearms
 * Level 10.5 Armour
 - Level 3.7 Dodging
 - Level 7.1 Stealth
 * Level 7.6 Spellcasting
 + Level 14.3 Necromancy


You had 2 spell levels left.
You knew the following spells:

 Your Spells              Type           Power      Damage    Failure   Level
a - Vampiric Draining     Necr           62%        2d10      1%          3
b - Pain                  Necr           100%       1d9       1%          1
c - Animate Dead          Necr           31%        N/A       1%          4
d - Anguish               Hex/Necr       19%        N/A       36%         4
e - Agony                 Necr           62%        N/A       6%          5
f - Death Channel         Necr           31%        N/A       32%         6
z - Wereblood             Tmut           8%         N/A       75%         2

Your spell library contained the following spells:

 Spells                   Type           Power      Damage    Failure   Level
 Animate Skeleton         Necr           100%       N/A       1%          1
 Corpse Rot               Necr/Air       76%        N/A       6%          2
 Beastly Appendage        Tmut           16%        N/A       61%         1
 Slow                     Hex            32%        N/A       61%         1
 Scorch                   Fire           16%        2d5       75%         2
 Borgnjor's Vile Clutch   Necr/Erth      19%        N/A       73%         5
 Confusing Touch          Hex            8%         N/A       93%         3
 Frozen Ramparts          Ice            16%        1d3       93%         3
 Inner Flame              Hex/Fire       8%         N/A       93%         3
 Spider Form              Tmut/Pois      8%         N/A       93%         3
 Simulacrum               Ice/Necr       19%        N/A       99%         6
 Cause Fear               Hex            4%         N/A       100%        4
 Flame Wave               Conj/Fire      8%         2d5       100%        4
 Ice Form                 Ice/Tmut       8%         N/A       100%        4
 Summon Ice Beast         Ice/Summ       8%         N/A       100%        4
 Summon Cactus Giant      Summ           4%         N/A       100%        6
 Discord                  Hex            4%         N/A       100%        8

Inventory:

Hand Weapons
 a - a +0 short sword {short}
 b - a +0 dagger of holy wrath {short}
   (You took it off an orc on level 4 of the Dungeon)
 e - a +1 vorpal mace {mace}
   (You found it on level 5 of the Dungeon)
 i - a +3 trident of venom {polearm}
   (You took it off an orc on level 4 of the Dungeon)
 D - a +4 vampiric spear (weapon) {polearm}
   (You took it off a gnoll on level 8 of the Dungeon)
Missiles
 d - 439 stones {throwing}
 h - 11 boomerangs {throwing}
 r - 5 curare-tipped darts {=fthrowing}
 t - 12 poisoned darts {throwing}
Armour
 j - the +18 Lear's hauberk (worn)
   (You found it on level 5 of the Dungeon)
Jewellery
 n - a +6 ring of strength
   (You found it on level 1 of the Dungeon)
 s - a ring of fire
   (You found it on level 1 of the Dungeon)
 B - an amulet of the acrobat (around neck)
   (You found it on level 9 of the Dungeon)
 E - a +6 ring of intelligence (right hand)
   (You found it on level 4 of the Lair of Beasts)
 L - a +4 ring of evasion (left hand)
   (You found it on level 3 of the Lair of Beasts)
Wands
 g - a wand of digging (2)
 l - a wand of polymorph (22)
   (You found it on level 4 of the Dungeon)
 o - a wand of flame (26)
   (You found it on level 3 of the Dungeon)
 H - a wand of iceblast (6)
   (You found it on level 3 of the Lair of Beasts)
Scrolls
 c - 4 scrolls of fog
 k - a scroll of vulnerability {!r!r}
 m - a scroll of torment {!r}
 p - a scroll of enchant armour
 q - 6 scrolls of teleportation {@r4}
 u - a scroll of fear
 x - a scroll of magic mapping {!r}
 y - a scroll of identify {@r1}
 z - 2 scrolls of silence {!r}
 C - a scroll of amnesia
 F - 5 scrolls of immolation {!r!r}
 I - 2 scrolls of noise {!r}
Potions
 f - 3 potions of haste {@q3}
 v - 3 potions of attraction {!q}
 w - 4 potions of curing {@q1}
 A - a potion of brilliance
 K - 2 potions of flight

Dungeon Overview and Level Annotations

Branches:
Dungeon (11/15)            Temple (0/1) D:6            Lair (5/6) D:9
  Swamp (0/4) Lair:3       Spider (0/4) Lair:4
  Slime: Lair:5-6       Orc: D:9-12

Altars:
Elyvilon
Kikubaaqudgha
Qazlal
Vehumet

Annotations:
D:3 4 runed translucent doors, dang3rdave's ghost, weakling GrAK
Lair:2 3 runed translucent doors, Getsikk Qajo's ghost, novice FeDe
Lair:3 1 exclusion

**≈ ≈≈. ,
,##....#....#.... , ≈≈.
#............... ≈ ≈≈≈≈,
, #...>.##........ .≈≈≈.
##....##....#... , ≈≈≈≈≈#
,##.....#....#... ≈≈
≈≈≈≈≈..###.....P#...##...
≈≈≈≈.#.#......###..##...
, ≈ ≈
≈≈≈≈≈..SY......#######...
,
≈≈≈...Y@................
,
≈≈.....YYY...............
, ,
...)....................
........................
,,
................###.+##.
,
........)......###.#.###
*
##.##..##.....####.#.###
, ,, ##*#.#.......#
#.<..#.# , , , *
P.......# #.....#.


You could see 5 death yaks and a black mamba.


Message History

Confirm with . or Enter, or press ? or * to list all spells.
Aiming: Vampiric Draining (safe; 1% risk of failure)
Press: ? - help, Shift-Dir - straight line, f/p - death yak
Aim: a death yak (heavily wounded)
You draw life force from the death yak.
You feel life coursing into your body. The black mamba misses you.
The death yak closely misses you.
The death yak gores you but does no damage. x2
The death yak closely misses you.
The death yak gores you but does no damage.
The black mamba closely misses you. 😕 HP[+3] MP[-3]
You regained 3 hp, and now have 118/121 hp.
You lost 3 mp, and now have 5/24 mp.
Casting: Vampiric Draining (safe; 1% risk of failure)
Confirm with . or Enter, or press ? or * to list all spells.
Aiming: Vampiric Draining (safe; 1% risk of failure)
Press: ? - help, Shift-Dir - straight line, f/p - death yak
Aim: a death yak (heavily wounded)
You draw life force from the death yak.
You feel life coursing into your body.
The black mamba bites you but does no damage.
The death yak closely misses you.
The death yak gores you but does no damage.
The death yak gores you!
The death yak gores you but does no damage. x2
The black mamba bites you! 😕 HP[-13] MP[-3]
You take 13 damage, and now have 105/121 hp.
You lost 3 mp, and now have 2/24 mp.
Casting: Vampiric Draining (safe; 1% risk of failure)
Confirm with . or Enter, or press ? or * to list all spells.
You don't have enough magic to cast this spell.
Okay, then.
Aiming: Mindburst
Press: ? - help, Shift-Dir - straight line, f/p - death yak
Aim: a death yak (severely wounded, chance to affect: 6%)
The death yak resists with almost no effort.
The now-empty wand crumbles to dust.
The black mamba barely misses you. The death yak closely misses you.
The death yak gores you but does no damage.
The death yak misses you. The death yak completely misses you.
The death yak gores you!!
The black mamba barely misses you. 😕 HP[-12]
You take 12 damage, and now have 93/121 hp.
You hit the death yak.
You feel better.
The death yak gores you but does no damage. x2
The death yak barely misses you. x3; The black mamba barely misses you. 😕 HP[+6] MP[+1]
You regained 6 hp, and now have 99/121 hp.
Unknown command.
You hit the death yak but do no damage. The black mamba barely misses you.
The death yak barely misses you.
The death yak gores you but does no damage.
The death yak gores you!
The death yak gores you but does no damage.
The death yak closely misses you. 😕 HP[-8]
You take 8 damage, and now have 91/121 hp.
You barely miss the death yak. The black mamba closely misses you.
You barely miss the death yak. The black mamba bites you!
You are more poisoned.
The black mamba poisons you!
The death yak gores you but does no damage. x3
The death yak gores you! The death yak misses you.
The black mamba misses you. 😮 HP[-15]
You take 15 damage, and now have 76/121 hp.
Casting: Vampiric Draining (safe; 1% risk of failure)
Confirm with . or Enter, or press ? or * to list all spells.
Aiming: Vampiric Draining (safe; 1% risk of failure)
Press: ? - help, Shift-Dir - straight line, f/p - death yak
Aim: a death yak (severely wounded)
You draw life force from the death yak!
You feel life coursing into your body.
You feel very sick. The black mamba bites you.
You are more poisoned.
The black mamba poisons you!
The death yak gores you but does no damage.
The death yak gores you. The death yak gores you! x2
* * * LOW HITPOINT WARNING * * *
The death yak gores you!
* * * LOW HITPOINT WARNING * * *
😨 HP[-34] MP[-3]
You take 34 damage, and now have 42/121 hp.
MASSIVE DAMAGE!! (PAUSE)
You lost 3 mp, and now have 0/24 mp.
Unknown command.
Aiming: Throw Flame
Press: ? - help, Shift-Dir - straight line, f/p - death yak
Aim: a death yak (severely wounded, 89% to hit)
The puff of flame hits the death yak.
You feel extremely sick. The black mamba bites you.
* * * LOW HITPOINT WARNING * * *
The black mamba bites you but does no damage.
The death yak gores you. x2; The death yak gores you!
* * * LOW HITPOINT WARNING * * *
The death yak gores you!
* * * LOW HITPOINT WARNING * * *
The death yak gores you!!
You die...
Kikubaaqudgha rasps: "You have failed me!
Welcome... death!"

Skill      XL: |  1  2  3  4  5  6  7  8  9 10 11 12 13 |
---------------+----------------------------------------+-----
Fighting       | 3 4 5 7 8 9 |  9.1
Short Blades   | 2 3 |  3.0
Dodging        | 3 |  3.7
Stealth        | 7 |  7.1
Armour         | 1 3 4 6 8 10 | 10.5
Necromancy     | 2 7 10 12 13 14 | 14.3
Spellcasting   | 2 4 5 7 |  7.6
Polearms       | 3 5 7 8 |  8.0

Action                   |  1- 3 |  4- 6 |  7- 9 | 10-12 | 13-15 || total
-------------------------+-------+-------+-------+-------+-------++-------
Melee: Short sword       |    18 |   175 |       |       |       ||   193
       Punch             |       |     6 |     1 |    10 |     7 ||    24
       Trident           |       |   180 |   157 |       |       ||   337
       Dagger            |       |    64 |    16 |       |       ||    80
       Mace              |       |    19 |       |       |       ||    19
       Spear             |       |       |    13 |   993 |   311 ||  1317
Throw: Boomerang         |       |    15 |       |       |       ||    15
       Dart              |       |       |       |     8 |       ||     8
 Cast: Vampiric Draining |       |       |    30 |   238 |    35 ||   303
       Pain              |       |       |    25 |    47 |     1 ||    73
       Animate Dead      |       |       |       |     3 |     1 ||     4
       Agony             |       |       |       |     2 |       ||     2
       Anguish           |       |       |       |     1 |       ||     1
       Death Channel     |       |       |       |       |     3 ||     3
 Abil: Heal Wounds       |     1 |     8 |     1 |     2 |       ||    12
Evoke: Wand              |       |       |     5 |    19 |     9 ||    33
  Use: Scroll            |     2 |     1 |     6 |    13 |     1 ||    23
       Potion            |     1 |    10 |     5 |     7 |     3 ||    26
 Stab: Sleeping          |     1 |     2 |       |       |       ||     3
       Invisible         |       |     1 |       |     3 |       ||     4
       Paralysed         |       |       |       |     4 |       ||     4
       Distracted        |       |       |       |       |     3 ||     3
Armor: Leather armour    |     3 |    15 |       |       |       ||    18
       Chain mail        |       |   336 |   210 |  1049 |   227 ||  1822
Dodge: Dodged            |     9 |   188 |    94 |   749 |   181 ||  1221

Levels and vault maps discovered:
D:1:      scummos_arrival_simple_fountains, layout_basic,
          hellmonk_ecumenical_altar_leap_of_faith,
          chequers_serial_rivers_micro_c, minmay_ruptured
D:2:      layout_loops_cross, basic_altar
D:3:      layout_basic, nicolae_qazlal_style_of_elements, jmf_multi_god_temple2,
          ebering_ghost_disaster_area
D:4:      layout_loops_cross, uniq_robin
D:5:      layout_basic, chequers_arboretum, amethyst_killhole, uniq_edmund,
          uniq_pikel
D:6:      layout_layer_cave, mainiacjoe_overflow_large_starburst,
          minmay_temple_entry_poolview, nicolae_zen_rock_garden,
          minmay_stone_trees_small, minivault_25, minmay_misc_feat_four_crosses
D:7:      layout_cave_pods, hangedman_decor_riveting,
          chequers_serial_rivers_small_b, minivault_25
D:8:      layout_basic, chequers_serial_rivers_small_a, minivault_4,
          chequers_jeans, kennysheep_dice, uniq_prince_ribbit1, uniq_psyche
D:9:      layout_basic, erik_lair_island
D:10:     layout_basic, grunt_temple_overflow_open
D:11:     layout_cave_pods, orc_david_3, gauntlet_entry_generic, uniq_sonja,
          uniq_snorg
Lair:1:   layout_roguey
Lair:2:   layout_roguey, gammafunk_ghost_necromancy, columned_hall_lemuel,
          st_stairs_5, serial_bayou_shore_b
Lair:3:   layout_cave_pods, palyth_hydra_swamp_entry
Lair:4:   layout_regular_city, spider_nest_entry_a, infiniplex_staircase_pool_2,
          uniq_urug
Lair:5:   layout_loops_ring, grunt_megastairs_3, lemuel_fruit_fields,
          serial_bayou_shore_a

Notes
Turn   | Place    | Note
-------+----------+-------------------------------------------
     0 | D:5      | spaghetti the Deep Dwarf Delver began the quest for the
                  | Orb.
     0 | D:5      | Reached XP level 1. HP: 20/20 MP: 1/1
     0 | D:5      | magus.rc [v1.9.6]
     2 | D:5      | Noticed a hound
    10 | D:6      | Noticed a phantom
    10 | D:6      | Noticed a scorpion
    22 | D:6      | Killed a scorpion
    22 | D:6      | HP: 5/20 [poisoned by a scorpion]
    23 | D:6      | Reached skill level 3 in Fighting
    23 | D:6      | Reached skill level 2 in Short Blades
    23 | D:6      | Reached skill level 3 in Dodging
    23 | D:6      | Reached XP level 2. HP: 7/28 MP: 2/2
    23 | D:6      | Reached XP level 3. HP: 8/34 MP: 3/3
    54 | D:6      | You pick up a book of Changes and begin reading...
    54 | D:6      | You add the spells Beastly Appendage, Wereblood and Spider
                  | Form to your library.
    58 | D:6      | Learned a level 2 spell: Wereblood
    63 | D:6      | Noticed a two-headed ogre
    72 | D:6      | Noticed a sky beast
    89 | D:6      | Found a radiant altar of Vehumet.
    89 | D:6      | Found an ancient bone altar of Kikubaaqudgha.
    98 | D:6      | Became a worshipper of Kikubaaqudgha
   116 | D:6      | Reached XP level 4. HP: 36/42 MP: 4/4
   271 | D:6      | HP: 9/42 [sky beast (3)]
   277 | D:6      | HP: 8/42 [something (4)]
   286 | D:6      | HP: 10/42 [something (4)]
   306 | D:6      | Killed a sky beast
   307 | D:6      | Reached XP level 5. HP: 19/49 MP: 5/5
   572 | D:5      | You fall into a shaft and drop 1 floor!
   676 | D:5      | Reached skill level 3 in Short Blades
   676 | D:5      | Reached skill level 7 in Stealth
   687 | D:5      | Found the +18 Lear's hauberk
  1041 | D:4      | Noticed Robin
  1064 | D:5      | Reached skill level 1 in Armour
  1616 | D:5      | Reached XP level 6. HP: 23/57 MP: 6/6
  1640 | D:5      | Killed Robin
  1641 | D:5      | Reached skill level 2 in Armour
  1705 | D:5      | Noticed Edmund
  1735 | D:5      | HP: 13/57 [white imp/puff of frost (5)]
  1818 | D:4      | Reached * piety under Kikubaaqudgha
  1818 | D:4      | You add the spells Animate Skeleton, Pain, Corpse Rot and
                  | Agony to your library.
  1818 | D:4      | Received a gift from Kikubaaqudgha
  1841 | D:4      | Learned a level 1 spell: Pain
  1987 | D:4      | Reached skill level 1 in Necromancy
  2015 | D:4      | HP: 13/57 [kobold/+1 short sword of electrocution[the
                  | player character] (10)]
  2346 | D:1      | Reached skill level 2 in Necromancy
  2415 | D:1      | Found a faded altar of an unknown god.
  2558 | D:1      | Reached ** piety under Kikubaaqudgha
  3439 | D:2      | Found a white marble altar of Elyvilon.
  3718 | D:3      | Noticed a fire elemental
  3720 | D:3      | Found a stormy altar of Qazlal.
  3722 | D:3      | Noticed a water elemental
  3722 | D:3      | Noticed an air elemental
  3747 | D:3      | You pick up a book of Debilitation and begin reading...
  3747 | D:3      | You add the spells Slow, Vampiric Draining and Confusing
                  | Touch to your library.
  3849 | D:3      | Reached skill level 3 in Armour
  3918 | D:3      | Found a large runed translucent door.
  3918 | D:3      | Found a large runed translucent door.
  3923 | D:3      | Noticed dang3rdave's ghost (weakling GrAK)
  3961 | D:3      | You pick up a book of Hexes and begin reading...
  3961 | D:3      | You add the spells Inner Flame, Cause Fear and Discord to
                  | your library.
  4176 | D:3      | Found a large runed translucent door.
  4178 | D:3      | Found a large runed translucent door.
  4810 | D:4      | Reached XP level 7. HP: 28/63 MP: 6/8
  5249 | D:5      | Reached skill level 3 in Necromancy
  5255 | D:5      | HP: 13/63 [Edmund/+2 dire flail of holy wrath (9)]
  5258 | D:5      | Killed Edmund
  5258 | D:5      | Reached *** piety under Kikubaaqudgha
  5258 | D:5      | You add the spells Anguish, Animate Dead, Borgnjor's Vile
                  | Clutch, Death Channel and Simulacrum to your library.
  5258 | D:5      | Received a gift from Kikubaaqudgha
  5259 | D:5      | Reached skill level 4 in Necromancy
  5263 | D:5      | Learned a level 3 spell: Vampiric Draining
  5440 | D:5      | Reached skill level 5 in Necromancy
  5650 | D:5      | Noticed Pikel
  5665 | D:5      | Killed Pikel
  5666 | D:5      | Reached skill level 7 in Necromancy
  5666 | D:5      | Reached XP level 8. HP: 35/72 MP: 9/9
  5708 | D:6      | HP: 13/72 [two-headed ogre/+0 giant club (10)]
  5714 | D:6      | Killed a two-headed ogre
  5715 | D:6      | Reached skill level 10 in Necromancy
  5786 | D:6      | HP: 9/72 [bullfrog (4)]
  5791 | D:6      | HP: 16/72 [black bear (5)]
  5799 | D:6      | Gained mutation: You passively map the area around you.
                  | [Deep Dwarf growth]
  5799 | D:6      | Reached XP level 9. HP: 18/78 MP: 0/10
  6013 | D:6      | You pick up a book of Scorching and begin reading...
  6013 | D:6      | You add the spells Scorch, Flame Wave and Summon Cactus
                  | Giant to your library.
  6142 | D:6      | Found a staircase to the Ecumenical Temple.
  6259 | D:6      | Noticed a cyclops
  6260 | D:6      | HP: 11/78 [cyclops/large rock (18)]
  6269 | D:6      | Killed a cyclops
  6270 | D:6      | Reached skill level 11 in Necromancy
  6870 | D:6      | Reached skill level 12 in Necromancy
  6926 | D:7      | HP: 14/78 [centaur/arrow (8)]
  6935 | D:7      | HP: 18/78 [centaur (1)]
  7062 | D:7      | HP: 10/78 [white imp/puff of frost (8)]
  7293 | D:7      | Identified the +2 robe "Puit" {rElec Slay+3 Archmagi}
  7900 | D:8      | Reached skill level 1 in Spellcasting
  8150 | D:8      | You pick up a book of Changes and begin reading...
  8169 | D:8      | Reached skill level 4 in Fighting
  8169 | D:8      | Reached skill level 4 in Armour
  8305 | D:8      | Reached skill level 2 in Spellcasting
  8561 | D:8      | Noticed Psyche
  8579 | D:8      | Killed Psyche
  8580 | D:8      | Reached XP level 10. HP: 56/86 MP: 13/13
  8627 | D:8      | Reached skill level 1 in Polearms
  8909 | D:8      | Learned a level 4 spell: Animate Dead
  9286 | D:8      | Noticed Prince Ribbit
  9321 | D:8      | Killed Prince Ribbit
  9321 | D:8      | Reached **** piety under Kikubaaqudgha
  9329 | D:8      | Paralysed by a hornet for 2 turns
  9338 | D:8      | Paralysed by a hornet for 2 turns
  9601 | D:8      | Noticed a two-headed ogre
  9617 | D:8      | Killed a two-headed ogre
  9618 | D:8      | Reached skill level 2 in Polearms
  9618 | D:8      | Reached skill level 5 in Armour
  9618 | D:8      | Reached skill level 3 in Spellcasting
  9921 | D:9      | Noticed a two-headed ogre
 10007 | D:9      | HP: 11/87 [two-headed ogre/+0 giant spiked club (23)]
 10008 | D:9      | Killed a two-headed ogre
 10009 | D:9      | Reached skill level 5 in Fighting
 10009 | D:9      | Reached skill level 13 in Necromancy
 10108 | D:9      | Gained mutation: You are strong-willed. (Will+) [potion of
                  | mutation]
 10108 | D:9      | Gained mutation: You passively dampen the noise of your
                  | surroundings. [potion of mutation]
 10262 | D:9      | Reached skill level 3 in Polearms
 10685 | D:9      | Reached skill level 6 in Armour
 10871 | D:9      | Found a staircase to the Lair.
 11262 | D:9      | Reached skill level 4 in Spellcasting
 11323 | D:9      | Reached XP level 11. HP: 93/97 MP: 4/17
 11923 | D:9      | Reached skill level 4 in Polearms
 12193 | D:10     | Entered Level 10 of the Dungeon
 12213 | D:10     | Noticed a two-headed ogre
 12218 | D:10     | Reached skill level 6 in Fighting
 12224 | D:10     | Killed a two-headed ogre
 12722 | D:10     | Reached skill level 7 in Armour
 12952 | D:11     | Noticed a cyan ugly thing
 12988 | Lair:1   | Entered Level 1 of the Lair of Beasts
 13024 | Lair:1   | Learned a level 4 spell: Anguish
 13635 | Lair:1   | Reached skill level 5 in Spellcasting
 13827 | Lair:1   | Reached skill level 5 in Polearms
 13863 | Lair:1   | HP: 20/99 [cane toad (13)]
 13888 | Lair:1   | HP: 19/99 [komodo dragon (15)]
 13895 | Lair:1   | HP: 16/99 [yak (8)]
 14049 | Lair:1   | You fall into a shaft and drop 1 floor!
 14069 | Lair:2   | Reached ***** piety under Kikubaaqudgha
 14215 | Lair:2   | Noticed a six-headed hydra
 14220 | Lair:1   | HP: 17/99 [/a scroll of torment (13)]
 14226 | Lair:1   | Reached skill level 7 in Fighting
 14230 | Lair:1   | HP: 23/100 [yak (5)]
 14250 | Lair:1   | Reached skill level 8 in Armour
 14372 | Lair:1   | Learned a level 5 spell: Agony
 14887 | Lair:3   | Reached XP level 12. HP: 99/109 MP: 3/20
 15076 | Lair:2   | Reached skill level 6 in Polearms
 15129 | Lair:2   | Found a runed translucent gate.
 15129 | Lair:2   | Found a runed translucent gate.
 15129 | Lair:2   | Found a runed translucent gate.
 15134 | Lair:2   | Noticed Getsikk Qajo's ghost (novice FeDe)
 15505 | Lair:2   | Reached skill level 6 in Spellcasting
 15531 | Lair:2   | Killed a six-headed hydra
 16065 | Lair:3   | You pick up a book of Rime and begin reading...
 16065 | Lair:3   | You add the spells Frozen Ramparts, Ice Form and Summon Ice
                  | Beast to your library.
 16361 | Lair:3   | Identified 2 scrolls of acquirement
 16375 | Lair:3   | Reached skill level 9 in Armour
 16375 | Lair:3   | Acquired 690 gold pieces
 16377 | Lair:3   | Acquired 781 gold pieces
 16892 | Lair:3   | Reached skill level 8 in Fighting
 16903 | Lair:3   | Noticed an eight-headed hydra
 16915 | Lair:3   | Killed an eight-headed hydra
 17249 | Lair:3   | Reached skill level 14 in Necromancy
 17609 | Lair:3   | Noticed a four-headed hydra
 17610 | Lair:3   | Noticed a seven-headed hydra
 17621 | Lair:3   | Killed a four-headed hydra
 17622 | Lair:3   | Reached skill level 7 in Polearms
 17622 | Lair:3   | Killed a seven-headed hydra
 17722 | Lair:3   | Found a staircase to the Swamp.
 18001 | Lair:4   | Reached skill level 7 in Spellcasting
 18143 | Lair:4   | Reached skill level 10 in Armour
 18143 | Lair:4   | Reached XP level 13. HP: 51/118 MP: 1/23
 18389 | Lair:4   | HP: 26/120 [death yak (16)]
 18543 | Lair:4   | Reached skill level 9 in Fighting
 18733 | Lair:4   | Learned a level 6 spell: Death Channel
 18973 | Lair:4   | Reached skill level 8 in Polearms
 19153 | Lair:4   | Found a hole to the Spider Nest.
 19341 | Lair:4   | HP: 26/121 [black mamba (5)]
 19341 | Lair:4   | Slain by a death yak

Vanquished Creatures
  2 hydras
  4 two-headed ogres
  3 death yaks (Lair:4)
  Pikel (D:5)
  A cyclops (D:6)
  7 elephants (Lair:4)
  4 black mambas
  A torpor snail (Lair:3)
  8 cane toads
  An efreet (D:10)
  4 rime drakes
  Psyche (D:8)
  2 komodo dragons
  3 polar bears
  2 trolls
  Prince Ribbit (D:8)
  3 hornets
  2 blink frogs (Lair:4)
  38 yaks
  2 wyverns
  A steam dragon (D:10)
  7 basilisks
  A redback (Lair:4)
  2 acid dragons
  Edmund (D:5)
  10 water moccasins
  An orc warrior (D:9)
  An ice beast (D:6)
  A black bear (D:6)
  2 sky beasts
  16 wolves
  5 centaurs
  A phantom (D:6)
  A lemure (D:5)
  13 bullfrogs
  A gnoll sergeant (D:8)
  2 scorpions
  2 necrophages
  3 wights (D:9)
  5 killer bees
  4 electric eels
  6 howler monkeys
  A jelly (D:6)
  A gnoll shaman (D:7)
  2 orc priests (D:9)
  8 hounds
  8 orc wizards
  Robin (D:5)
  5 adders
  9 gnolls
  2 shadow imps
  2 white imps
  4 worms
  2 dart slugs
  27 orcs
  7 ball pythons
  10 endoplasms
  5 giant cockroaches
  11 hobgoblins
  6 kobolds
  2 quokkas (D:1)
  7 bats
  3 frilled lizards
  15 goblins
  10 rats
324 creatures vanquished.

Vanquished Creatures (collateral kills)
  2 hydras (Lair:3)
  4 elephants (Lair:4)
  A blink frog (Lair:4)
  A jumping spider (Lair:4)
  A yak (Lair:4)
  An orc (D:4)
10 creatures vanquished.

Vanquished Creatures (others)
  A cane toad (Lair:3)
  10 fungi
  31 plants
42 creatures vanquished.

Grand Total: 376 creatures vanquished

Table legend:
 A = Non-vault XP
 B = Vault XP
 C = Vault XP percentage of total XP
 D = Non-vault monster count
 E = Vault monster count
 F = Vault count percentage of total count
                 A         B        C        D         E       F
            +---------+---------+-------+---------+---------+-------
      Total |   41154 |    6112 |  12.9 |     295 |      39 |  11.7
            +---------+---------+-------+---------+---------+-------
        D:1 |      53 |       6 |  10.2 |      29 |       4 |  12.1
        D:2 |      35 |       0 |   0.0 |      14 |       0 |   0.0
        D:3 |     101 |       0 |   0.0 |      21 |       0 |   0.0
        D:4 |     202 |       0 |   0.0 |      19 |       0 |   0.0
        D:5 |     417 |     826 |  66.5 |       8 |      15 |  65.2
        D:6 |    2465 |       0 |   0.0 |      19 |       0 |   0.0
        D:7 |     511 |       0 |   0.0 |       8 |       0 |   0.0
        D:8 |    2125 |     949 |  30.9 |      25 |       4 |  13.8
        D:9 |    3158 |     890 |  22.0 |      35 |       8 |  18.6
       D:10 |    2130 |       0 |   0.0 |       6 |       0 |   0.0
       D:11 |     110 |       0 |   0.0 |       1 |       0 |   0.0
     Lair:1 |    6061 |       0 |   0.0 |      23 |       0 |   0.0
     Lair:2 |    3614 |     929 |  20.4 |      16 |       3 |  15.8
     Lair:3 |    7164 |    2087 |  22.6 |      33 |       3 |   8.3
     Lair:4 |   13008 |     425 |   3.2 |      38 |       2 |   5.0
            +---------+---------+-------+---------+---------+-------

Illustrated notes

Table legend:
 A = Kills in this place as a percentage of kills in entire the game.
 B = Kills by you in this place as a percentage of kills by you in the entire game.
 C = Kills by friends in this place as a percentage of kills by friends in the entire game.
 D = Other kills in this place as a percentage of other kills in the entire game.
 E = Experience gained in this place as a percentage of experience gained in the entire game.
 F = Experience gained in this place divided by the number of levels of this place that you have seen.
                   A       B       C       D       E      F
               +-------+-------+-------+-------+-------+----------------------
         Total | 100.0 | 100.0 | 100.0 | 100.0 | 100.0 | 2954.1
       Dungeon |  64.7 |  66.6 |  10.0 |   0.0 |  29.6 | 1270.7
          Lair |  35.3 |  33.4 |  90.0 | 100.0 |  70.4 | 6657.6
               +-------+-------+-------+-------+-------+----------------------

Table legend: (Time is in decaauts)
 A = Elapsed time spent in this place.
 B = Non-inter-level travel time spent in this place.
 C = Inter-level travel time spent in this place.
 D = Time resting spent in this place.
 E = Time spent auto-exploring this place.
 F = Levels seen in this place.
 G = Mean time per level.
                   A        B        C        D        E       F      G
               +--------+--------+--------+--------+--------+-----+--------+
         Total |  19228 |  18675 |    553 |   2498 |  12302 |  16 | 1201.8 |
       Dungeon |  13092 |  12585 |    507 |   2059 |   8084 |  11 | 1190.2 |
          Lair |   6135 |   6090 |     45 |    439 |   4217 |   5 | 1227.0 |
               +--------+--------+--------+--------+--------+-----+--------+

Top non-repeatable levels by time:
     D:8: 2400 daAuts
  Lair:3: 2069 daAuts
     D:9: 1832 daAuts
     D:5: 1723 daAuts
     D:6: 1700 daAuts
  Lair:1: 1416 daAuts
  Lair:4: 1324 daAuts
  Lair:2: 1311 daAuts
     D:3: 1117 daAuts
     D:7: 1097 daAuts
     D:4: 882 daAuts
     D:1: 875 daAuts
     D:2: 684 daAuts
    D:10: 552 daAuts
    D:11: 226 daAuts
